 Dungeon Crawl Stone Soup version 0.30-a0-696-g2367cd04db (webtiles) character file.

Game seed: 8568269422557298169

7282 warriortoast the Fighter (level 11, -3/133 (135) HPs)
             Began as a Barachi Fighter on Jan 20, 2023.
             Was an Elder of Okawaru.
             Slain by Snorg (4 damage)
             ... on level 10 of the Dungeon.
             The game lasted 00:25:48 (11180 turns).

warriortoast the Fighter (Barachi Fighter)         Turns: 11180, Time: 00:25:48

HP:   -3/133 (135)  AC: 25    Str: 30    XL:     11   Next: 12%
MP:   0/15          EV:  2    Int: 12    God:    Okawaru [****..]
Gold: 664           SH:  7    Dex: 12    Spells: 10/10 levels left

rFire   . . .      SeeInvis .    V - +2 morningstar (freeze)
rCold   . . .      Faith    .    c - +0 buckler
rNeg    . . .      Spirit   +    (body armour currently unavailable)
rPois   +          Reflect  .    (helmet currently unavailable)
rElec   .          Harm     .    (cloak currently unavailable)
rCorr   .          Rampage  .    (gloves currently unavailable)
Will    .....      NoTele   +    (boots currently unavailable)
Stlth   +++                      F - amulet of guardian spirit
HPRegen 0.42/turn                z - +6 ring of strength
MPRegen 0.14/turn                p - +6 ring of strength

@: tree-form, heroic, lightly drained
A: stationary, stasis, torment immunity, boosted hp, (amphibious), (slowness 1),
(strong legs 1), +LOS
a: Renounce Religion, Heroism, Finesse


You were on level 10 of the Dungeon.
You worshipped Okawaru.
Okawaru was greatly pleased with you.
You were a tree.
You visited 3 branches of the dungeon, and saw 12 of its levels.

You collected 664 gold pieces.

Inventory:

Hand Weapons
 K - a +3 flail of freezing
 O - the +1 spear "Eqoyggip" {drain, Fly Int+2}
   (You found it on level 7 of the Dungeon)

   Int:       It affects your intelligence (+2).
   Fly:       It grants you flight.
 V - a +2 morningstar of freezing (weapon)
Missiles
 e - 2 curare-tipped darts
 n - 2 throwing nets
 v - 4 javelins (quivered)
 P - 16 poisoned darts
 Q - 5 silver javelins
 R - 3 datura-tipped darts
Armour
 c - a +0 buckler (worn)
 g - a +0 cloak (melded)
 A - a +0 chain mail (melded)
 I - the +1 ring mail of Discretion {Dex+3}
   (You found it on level 6 of the Dungeon)

   Dex:       It affects your dexterity (+3).
 J - a +0 pair of boots (melded)
Jewellery
 h - a ring of see invisible
 p - a +6 ring of strength (right branch)
 z - a +6 ring of strength (left branch)
 B - a ring of willpower
 F - an amulet of guardian spirit (around neck)
Wands
 M - a wand of flame (13)
 S - a wand of paralysis (4)
 U - a wand of polymorph (3)
Scrolls
 a - a scroll of poison {unknown}
 j - 2 scrolls of noise
 k - a scroll of fog
 o - a scroll of torment
 r - 2 scrolls of amnesia
 s - 3 scrolls of vulnerability
 w - 2 scrolls of teleportation
 x - a scroll of brand weapon {unknown}
 y - a scroll of immolation {unknown}
 C - a scroll of blinking {unknown}
Potions
 b - a potion of invisibility {unknown}
 d - 2 potions of might
 f - 4 potions of haste
 l - 4 potions of brilliance
 m - 5 potions of attraction
 q - 3 potions of degeneration
 t - a potion of lignification
 u - 8 potions of curing
 E - a potion of magic
 G - 2 potions of heal wounds {unknown}
 H - 2 potions of mutation
 L - a potion of resistance {unknown}
 N - a potion of berserk rage {unknown}


   Skills:
 + Level 10.0(15.0) Fighting
 + Level 8.8(13.8) Maces & Flails
 + Level 9.9(14.9) Armour
 + Level 9.1(14.1) Shields
 + Level 5.9 Invocations


You had 10 spell levels left.
You didn't know any spells.
Your spell library contained the following spells:

 Spells                   Type           Power      Damage    Failure   Level
 Sting                    Tmut/Pois      0%         1d3       36%         1
 Ensorcelled Hibernation  Hex/Ice        0%         N/A       50%         2
 Lesser Beckoning         Tloc           0%         N/A       50%         2
 Passwall                 Tmut/Erth      0%         N/A       50%         2
 Poisonous Vapours        Pois/Air       0%         N/A       50%         2
 Gell's Gravitas          Tloc           0%         N/A       75%         3
 Swiftness                Air            0%         N/A       75%         3
 Teleport Other           Tloc           0%         N/A       75%         3
 Olgreb's Toxic Radiance  Pois           0%         N/A       98%         4
 Borgnjor's Vile Clutch   Necr/Erth      0%         N/A       100%        5
 Animate Dead             Necr           Unusable   N/A       N/A         4
 Death Channel            Necr           Unusable   N/A       N/A         6

Dungeon Overview and Level Annotations

Branches:
Dungeon (10/15)            Temple (1/1) D:4            Lair (1/5) D:8
    Orc: D:9-12

Altars:
Ashenzari
Cheibriados
Dithmenos
Elyvilon
Fedhas
Gozag
Hepliaklqana
Kikubaaqudgha
Nemelex Xobeh
Okawaru
Qazlal
Ru
Sif Muna
Trog
Uskayaw
Vehumet
Xom
Yredelemnul
Zin
The Shining One

Annotations:
D:10 Snorg


Innate Abilities, Weirdness & Mutations

You are a tree.
Your roots penetrate the ground, keeping you stationary.
You cannot be teleported.
You are immune to unholy pain and torment.
Your maximum health is greatly increased.
Your equipment is partially melded.
((You are amphibious.))
((You cover ground slowly.))
((You can hop short distances.))
You have an extended range of vision and can be seen from far away.


Message History

The javelin pierces through Snorg!
Snorg is lightly wounded.
You throw a javelin. The javelin pierces through Snorg!
Snorg is lightly wounded.
Snorg goes berserk!
You throw a javelin. The javelin pierces through Snorg.
Snorg is lightly wounded.
You block Snorg's attack. x2; Snorg barely misses you.
You bludgeon Snorg!! You freeze Snorg.
Snorg is moderately wounded.
Snorg bites you! Snorg claws you but does no damage. Snorg claws you.
You bludgeon Snorg!! You freeze Snorg!
Snorg is heavily wounded.
Snorg bites you but does no damage. Snorg claws you but does no damage.
Snorg claws you! Snorg barely misses you.
Snorg claws you but does no damage. x2
You hit Snorg. You freeze Snorg.
Snorg is severely wounded.
Snorg bites you. You block Snorg's attack. Snorg claws you but does no damage.
Snorg bites you!! You block Snorg's attack. x2
You barely miss Snorg.
Snorg is heavily wounded.
You block Snorg's attack. Snorg claws you! Snorg closely misses you.
You are too injured to fight recklessly!
You are too injured to fight recklessly!
You gain the combat prowess of a mighty hero.
Snorg bites you! You block Snorg's attack. x2
Snorg bites you but does no damage. Snorg barely misses you. Snorg claws you.
You sock Snorg! You freeze Snorg.
Snorg is severely wounded.
Snorg bites you!!
* * * LOW HITPOINT WARNING * * *
You block Snorg's attack. Snorg barely misses you.
Really quaff the potion of lignification?
You turn into a tree.
Your +0 cloak melds into your body.
Your +0 pair of boots melds into your body.
Your +0 chain mail melds into your body.
Your roots penetrate the ground.
Snorg bites you!
* * * LOW HITPOINT WARNING * * *
Snorg claws you.
You die...

#.$##...... ....
#.........###....#
#................#
#................
#................
#................
#.<..........#
#?..........##
#......♣.....#
##..)...T.##.## .#
#....>...!###.#....#
#########...<..............#
#..................(....##..
#.......###.##.###.#..##
##..###......#..##....(#
#....)........#.####.##
#.......##...###=# .#


You could see Snorg (berserk).

Vanquished Creatures
  Erica (D:9)
  Pikel (D:6)
  2 cane toads (Lair:1)
  Grinder (D:4)
  2 wyverns
  Eustachio (D:6)
  4 yaks (D:9)
  A steam dragon (D:8)
  3 wargs (D:8)
  3 water moccasins
  2 orc warriors (D:7)
  A sky beast (D:6)
  2 ice beasts
  3 centaurs (D:9)
  4 lemures (D:6)
  3 bullfrogs
  2 kobold brigands
  2 gnoll sergeants
  2 scorpions
  21 wights
  3 killer bees (D:8)
  A howler monkey (D:6)
  5 hounds
  2 jellies
  8 orc priests
  2 gnoll boudas
  4 iguanas
  Natasha (thrice) (D:3)
  2 orc wizards (D:8)
  Robin (D:2)
  29 gnolls
  5 adders
  A shadow imp (D:7)
  A white imp (D:5)
  3 worms
  A dart slug (D:3)
  9 orcs
  4 bats (D:3)
  8 endoplasms
  2 giant cockroaches
  17 goblins
  6 hobgoblins
  6 jackals
  16 kobolds
  6 quokkas
  5 ball pythons
  5 frilled lizards
  6 rats
222 creatures vanquished.

Vanquished Creatures (others)
  A hobgoblin (D:2)
  6 plants
7 creatures vanquished.

Grand Total: 229 creatures vanquished

Notes
Turn   | Place    | Note
-------+----------+-------------------------------------------
     0 | D:1      | warriortoast the Barachi Fighter began the quest for the
                  | Orb.
     0 | D:1      | Reached XP level 1. HP: 18/18 MP: 1/1
   164 | D:1      | Reached XP level 2. HP: 21/25 MP: 2/2
   693 | D:2      | Noticed Robin
   718 | D:1      | Reached skill level 4 in Fighting
   892 | D:2      | Reached XP level 3. HP: 29/30 MP: 3/3
  1345 | D:2      | Reached XP level 4. HP: 22/37 MP: 4/4
  1449 | D:2      | Killed Robin
  2013 | D:3      | Found a hide-covered altar of Uskayaw.
  2106 | D:3      | Reached XP level 5. HP: 43/43 MP: 5/5
  2345 | D:3      | Noticed Natasha
  2354 | D:3      | Killed Natasha
  2466 | D:3      | Noticed Natasha
  2469 | D:3      | Killed Natasha
  2539 | D:3      | Noticed Natasha
  2543 | D:3      | Killed Natasha
  2544 | D:3      | Reached skill level 5 in Fighting
  2544 | D:3      | Reached XP level 6. HP: 51/51 MP: 6/6
  2597 | D:4      | Reached skill level 5 in Armour
  2614 | D:4      | Noticed Grinder
  2636 | D:4      | Paralysed by Grinder for 2 turns
  2641 | D:4      | Killed Grinder
  2642 | D:4      | Reached skill level 5 in Shields
  2642 | D:4      | Reached XP level 7. HP: 22/56 MP: 7/7
  2852 | D:4      | Found a staircase to the Ecumenical Temple.
  2861 | Temple   | Entered the Ecumenical Temple
  2878 | Temple   | Became a worshipper of Warmaster Okawaru
  3387 | D:4      | Reached skill level 6 in Fighting
  3508 | D:5      | Entered Level 5 of the Dungeon
  4043 | D:5      | Found a sacrificial altar of Ru.
  4163 | D:5      | Reached skill level 5 in Maces & Flails
  4167 | D:5      | Reached * piety under Okawaru
  4168 | D:5      | Reached skill level 1 in Invocations
  4428 | D:6      | Reached XP level 8. HP: 62/64 MP: 8/8
  4684 | D:6      | Noticed Pikel
  5383 | D:6      | Identified the +1 ring mail of Discretion {Dex+3}
  5600 | D:6      | Noticed Eustachio
  5618 | D:6      | Killed Eustachio
  5618 | D:6      | Reached ** piety under Okawaru
  5619 | D:6      | Reached skill level 7 in Fighting
  5625 | D:6      | Found a broken altar of Ashenzari.
  5823 | D:6      | Found a shimmering blue altar of Sif Muna.
  6674 | D:6      | Killed Pikel
  6675 | D:6      | Reached XP level 9. HP: 47/72 MP: 7/11
  6827 | D:7      | Reached *** piety under Okawaru
  7775 | D:7      | Reached skill level 8 in Fighting
  8006 | D:7      | Identified the +1 spear "Eqoyggip" {drain, Fly Int+2}
  8810 | D:8      | Reached XP level 10. HP: 53/82 MP: 8/13
  8927 | D:8      | Found a glowing silver altar of Zin.
  8928 | D:8      | Noticed an angel
  9075 | D:8      | Reached **** piety under Okawaru
  9140 | D:8      | Found a staircase to the Lair.
  9372 | D:8      | Reached skill level 9 in Fighting
  9656 | D:8      | Reached skill level 5 in Invocations
 10037 | Lair:1   | Entered Level 1 of the Lair of Beasts
 10067 | Lair:1   | Noticed a cane toad
 10067 | Lair:1   | Noticed a cane toad
 10072 | Lair:1   | Killed a cane toad
 10078 | Lair:1   | Killed a cane toad
 10330 | D:9      | Found a shadowy altar of Dithmenos.
 10330 | D:9      | Found a shimmering altar of Xom.
 10342 | D:9      | Found an opulent altar of Gozag.
 10574 | D:9      | Noticed Erica
 10581 | D:9      | Killed Erica
 10649 | D:9      | Found a radiant altar of Vehumet.
 10649 | D:9      | Found a hazy altar of Hepliaklqana.
 10837 | D:9      | Reached XP level 11. HP: 64/90 MP: 8/15
 10955 | D:9      | Found a basalt altar of Yredelemnul.
 11032 | D:10     | Entered Level 10 of the Dungeon
 11063 | D:9      | Reached skill level 10 in Fighting
 11170 | D:10     | Noticed Snorg
 11180 | D:10     | HP: 1/133 [Snorg (11)]
 11180 | D:10     | Slain by Snorg

Illustrated notes

Levels and vault maps discovered:
D:1:      erik_arrival_blinker_ship, layout_loops_ring
D:2:      layout_loops_ring, amcnicky_mini_corridor_feature,
          columned_hall_lemuel, minmay_pentomino_u2, uniq_robin
D:3:      layout_basic, eat_drink_and_be_merry_uskayaw, uniq_natasha
D:4:      layout_loops_ring, minmay_temple_entry_overgrown, uniq_grinder
D:5:      layout_cave_pools, nicolae_ru_awakened_eye
D:6:      layout_basic, lemuel_tele_altar, nicolae_ashenzari_skybound,
          kennysheep_flooded_box, chequers_decorated_corner,
          wad_floor_pattern_untrapped, minmay_misc_feat_nine_boxes,
          uniq_eustachio, uniq_pikel
D:7:      layout_loops_ring
D:8:      layout_basic, zin_angel, erik_lair_orcish_takeover
D:9:      layout_roguey, lemuel_doored_altar, grunt_temple_overflow_open,
          uniq_erica
D:10:     layout_layer_cave, kennysheep_generic_room_2, uniq_snorg
Temple:   chequers_temple_sunken
Lair:1:   layout_regular_city, grunt_megastairs_2, uniq_joseph, uniq_fannar

Skill      XL: |  1  2  3  4  5  6  7  8  9 10 11 |
---------------+----------------------------------+-----
Fighting       | 4 5 6 7 8 9 10 | 10.0
Armour         | 4 5 6 7 8 9 |  9.9
Maces & Flails | 3 4 5 6 7 8 |  8.8
Shields        | 4 5 6 7 8 9 |  9.1
Invocations    | 1 3 4 5 |  5.9

Action                   |  1- 3 |  4- 6 |  7- 9 | 10-12 || total
-------------------------+-------+-------+-------+-------++-------
Melee: Flail             |   143 |   131 |   110 |   140 ||   524
       Whip              |       |       |   167 |       ||   167
       Morningstar       |       |       |       |    48 ||    48
Throw: Javelin           |       |     5 |    10 |     5 ||    20
       Boomerang         |       |       |    45 |       ||    45
       Dart              |       |       |     5 |     9 ||    14
       Throwing net      |       |       |     4 |       ||     4
Invok: Heroism           |       |       |     3 |     5 ||     8
 Abil: Hop               |     1 |     1 |     4 |     2 ||     8
Evoke: Wand              |       |     2 |       |       ||     2
  Use: Potion            |       |     2 |       |     1 ||     3
       Scroll            |       |       |       |    14 ||    14
 Stab: Invisible         |       |     1 |       |       ||     1
       Held in net/web   |       |       |     1 |       ||     1
Armor: Scale mail        |    57 |    70 |       |       ||   127
       Chain mail        |       |    15 |   129 |    67 ||   211
Dodge: Dodged            |    76 |    76 |    89 |    59 ||   300
Block: Buckler           |    23 |    24 |    57 |    45 ||   149

Table legend: (Time is in decaauts)
 A = Elapsed time spent in this place.
 B = Non-inter-level travel time spent in this place.
 C = Inter-level travel time spent in this place.
 D = Time resting spent in this place.
 E = Time spent auto-exploring this place.
 F = Levels seen in this place.
 G = Mean time per level.
                   A        B        C        D        E       F      G
               +--------+--------+--------+--------+--------+-----+--------+
         Total |  12608 |  11142 |   1466 |   2473 |   6553 |  12 | 1050.7 |
       Dungeon |  12512 |  11046 |   1466 |   2470 |   6526 |  10 | 1251.2 |
        Temple |     37 |     37 |      0 |      0 |      0 |   1 |   37.0 |
          Lair |     59 |     59 |      0 |      3 |     27 |   1 |   59.0 |
               +--------+--------+--------+--------+--------+-----+--------+

Top non-repeatable levels by time:
     D:6: 2764 daAuts
     D:7: 1997 daAuts
     D:8: 1575 daAuts
     D:2: 1253 daAuts
     D:9: 1090 daAuts
     D:4: 1056 daAuts
     D:5: 996 daAuts
     D:1: 931 daAuts
     D:3: 765 daAuts
    D:10: 81 daAuts
  Lair:1: 59 daAuts
  Temple: 37 daAuts
